[Event "FIDE WTC Prel-B 2022"]
[Site "Jerusalem"]
[Date "2022.11.21"]
[Round "4.24"]
[White "Asadli, Vugar"]
[Black "Janik, Igor"]
[Result "1-0"]
[ECO "C50"]
[WhiteElo "2567"]
[BlackElo "2539"]
[Annotator "TA"]
[PlyCount "111"]
[EventDate "2022.11.20"]
[EventType "team-tourn"]
[EventCountry "ISR"]
[SourceTitle "playchess.com"]
[Source "ChessBase"]
[SourceQuality "1"]
[WhiteTeam "Azerbaijan"]
[BlackTeam "Poland"]
[WhiteTeamCountry "AZE"]
[BlackTeamCountry "POL"]
[TimeControl "2700+10"]

1. e4 e5 2. Nf3 Nc6 3. Bc4 Bc5 4. d3 Nf6 5. Nc3 h6 6. a3 O-O 7. O-O d6 {[%emt 0:02:24] was the old line (7...a6).} 8. Na4 {[%emt 0:00:42] C50: Hungarian Defence and Giuoco Pianissimo.} Bb6 9. h3 Be6 10. Bxe6 $5 {[%emt 0:00:25][%mdl 4] The position is equal. is the new trend. An interesting side line.} fxe6 11. b4 Qe8 12. c4 {[%emt 0:01:15] [#]} Bd4 $146 ({Predecessor:} 12... Nd4 13. Nxb6 Nxf3+ 14. Qxf3 axb6 15. Qe2 Qg6 16. Ra2 Nh5 17. Qg4 Kh7 18. Qxg6+ Kxg6 {1-0 (64) Nepomniachtchi,I (2792)-Caruana,F (2820) Paris 2021}) 13. Ra2 a6 14. Be3 b5 15. Nb2 Nh5 $36 {[%emt 0:04:59][%mdl 2048] Black has some pressure.} 16. Kh2 g5 17. g3 Qg6 (17... Rf6 $5 18. Bxd4 exd4 $15) 18. Qe2 Rf7 19. cxb5 axb5 {[%emt 0:00:06] ...Nxb4 is the strong threat.} 20. Nd1 $1 Raf8 21. Nd2 Bb6 $1 22. Bxb6 cxb6 23. Nb3 Rf3 ({Black should play} 23... Nd4 $15 24. Nxd4 exd4) 24. Rg1 (24. Ne3 $11) 24... Nd4 $1 $17 25. Nxd4 exd4 26. Rc2 $1 g4 27. Rc6 gxh3 (27... e5 $15) 28. g4 $11 (28. Rxd6 Nf6 29. Qxf3 Ng4+ $17) 28... Ng7 {[%emt 0:00:34] Hoping for ...R8f4.} 29. Rxd6 Qg5 30. e5 Re3 31. fxe3 {[%emt 0:01:35] Really sharp!} Qxe5+ 32. Kxh3 Qxd6 33. Nf2 e5 34. Ne4 Qe6 35. exd4 Nh5 36. Kh2 Nf4 37. Qf3 exd4 38. g5 {[%emt 0:00:48] Threatens to win with Nf6+.} Qe5 {[%emt 0:00:01][%mdl 8192] [#] White leaves nothing to chance now.} (38... Kh8 $11) 39. Nf6+ $1 $18 ({Worse is} 39. gxh6+ Ng6+ 40. Qg3 Kh7 $11) 39... Rxf6 40. gxf6+ {[%emt 0:00:05] KQR-KQN} Kf7 41. Qb7+ Kxf6 42. Qg7+ ({Weaker is} 42. Qxb6+ Ne6+ 43. Kh1 Qh5+ 44. Kg2 Qe2+ 45. Kh3 Qh5+ 46. Kg3 Qg5+ 47. Kh2 Qh5+ 48. Kg3 Qg5+ 49. Kh2 Qh5+ 50. Kg3 $11) 42... Ke6 43. Qxh6+ Kf7 44. Qh7+ (44. Qxb6 $2 {loses.} Nd5+ 45. Kh3 Nxb6 $19) (44. Rg5 $142 Qf6 45. Qh7+ Ke6 46. Rxb5 Nd5 47. Qg8+ Kd7 48. Rxd5+ Ke7 49. Qd8+ Kf7 50. Rd7+ Kg6 51. Rd6) 44... Ke6 45. Qg8+ Kf6 46. Qf8+ (46. Qh8+ $142 Ke6 {[#]} 47. Re1 $3 Nxd3+ 48. Rxe5+ Nxe5 49. Qe8+ Kd6 50. Qb8+ Kd5 51. Qxb6 Ng4+ 52. Kg3) 46... Ke6 47. Qe8+ Kf6 48. Qxe5+ Kxe5 {[%emt 0:00:02] KR-KN} 49. Rg5+ (49. Rd1 $142 Ng6 50. Kg3) 49... Kd6 50. Rg3 Ne2 51. Rf3 Nc3 52. Rf1 Nd5 53. Kg3 Ne3 54. Rf6+ Kc7 55. Kf3 Nc2 56. Ke4 {[%emt 0:00:02] Weighted Error Value: White=0.07 (flawless) /Black=0.62} 1-0